AoeStats
← 范子豪

Lombardia

507354812Analyzed
2v2 RM · 15d ago on Sep 17, 2026· 35m 8s· 4 players
Game mode
Random Map
Map size
Medium (4 player)
Population
200
Speed
Normal
Resources
Standard
Victory
Conquest
Starting age
Dark Age
Ending age
Imperial Age
RankedLock teamsTeams togetherTeam positionsShared explorationLock speedFull tech treeHidden civsTurbo modeCheats
Victory
Defeat
🇩🇪 Franks · Germany
1053
+16
🇩🇪 Romans · Germany
1043
+16
🇳🇴 Tatars · Norway
1063
-16
🇨🇳 Spanish · China
1046
-16
范子豪
1:45 Loom
11:50 Feudal Age
16:32 Castle Age
14:48 Double-Bit Axe
15:53 Horse Collar
25:19 Husbandry
27:08 Bloodlines
27:40 Padded Archer Armor
32:59 Imperial Age
30:42 Bow Saw
30:34 Heavy Plow
30:59 Scale Barding Armor
32:52 Wheelbarrow
32:03 Town Watch
34:17 Conscription
33:19 Cavalier
34:23 Chain Barding Armor
34:14 Forging
TheEskimoBrother
11:21 Loom
13:07 Feudal Age
12:27 Loom
16:14 Double-Bit Axe
16:12 Horse Collar
19:16 Town Watch
23:28 Castle Age
22:40 Wheelbarrow
21:50 Town Watch
23:31 Gold Mining
24:32 Bow Saw
25:03 Pikeman
25:46 Squires
26:00 Forging
26:02 Heavy Plow
27:48 Gold Shaft Mining
30:35 Stone Mining
31:28 Hand Cart
Cool Dog
6:10 Loom
9:09 Feudal Age
10:17 Double-Bit Axe
20:24 Castle Age
20:29 Forging
21:53 Wheelbarrow
22:34 Iron Casting
22:04 Husbandry
22:37 Bow Saw
22:44 Scale Mail Armor
22:51 Scale Barding Armor
24:56 Chain Barding Armor
29:59 Scale Mail Armor
30:21 Stone Mining
31:38 Hand Cart
31:52 Gold Mining
Dabbler
6:52 Loom
9:52 Feudal Age
11:35 Double-Bit Axe
14:35 Castle Age
14:41 Castle Age
13:08 Horse Collar
15:33 Heavy Plow
17:20 Bow Saw
20:37 Wheelbarrow
20:34 Fletching
21:57 Bodkin Arrow
22:05 Padded Archer Armor
22:40 Town Watch
23:06 Elite Skirmisher
24:30 Gold Mining
25:05 Ballistics
25:33 Stone Mining
32:49 Imperial Age
31:37 Leather Archer Armor
34:28 Ring Archer Armor
35:00 Chemistry
Connection lost

Rejoining the realm…

Still unreachable

The connection could not be restored.

Session expired

The server has moved on; the page needs a fresh start.